 Dungeon Crawl Stone Soup version 0.28-a0-1033-g1a2f33fa85 (webtiles) character file.

Game seed: 16067286786437827308

162 meatgazer the Chopper (level 5, 0/50 HPs)
             Began as a Hill Orc Monk on Dec 7, 2021.
             Was a Believer of Beogh.
             Succumbed to Edmund's poison
             ... on level 4 of the Dungeon.
             The game lasted 00:03:41 (3255 turns).

meatgazer the Chopper (Hill Orc Monk)               Turns: 3255, Time: 00:03:42

Health: 0/50       AC:  3    Str: 16    XL:     5   Next: 43%
Magic:  2/5        EV: 12    Int: 10    God:    Beogh [**....]
Gold:   82         SH:  0    Dex: 13    Spells: 4/4 levels left

rFire   . . .      SeeInvis .   a - +1 hand axe
rCold   . . .      Faith    .   (no shield)
rNeg    . . .      Spirit   .   b - +1 robe
rPois   .          Reflect  .   (no helmet)
rElec   .          Harm     .   (no cloak)
rCorr   .          Rampage  .   (no gloves)
Will    .....                   (no boots)
Stlth   ++........              (no amulet)
HPRegen 0.16/turn               (no ring)
MPRegen 0.09/turn               (no ring)

@: lethally poisoned (0 -> -10)
A: no striking features
a: Renounce Religion, Smiting


You were on level 4 of the Dungeon.
You worshipped Beogh.
Beogh was pleased with you.
You visited 1 branch of the dungeon, and saw 4 of its levels.

You collected 82 gold pieces.

Inventory:

Hand Weapons
 a - a +1 hand axe (weapon)
Armour
 b - a +1 robe (worn)


   Skills:
 + Level 5.6 Fighting
 + Level 6.2 Axes
 - Level 2.4 Dodging
 - Level 1.5 Stealth


You had 4 spell levels left.
You didn't know any spells.
Your spell library contained the following spells:

 Spells                   Type           Power      Damage    Failure   Level
 Blink                    Tloc           0%         N/A       50%         2
 Manifold Assault         Tloc           0%         N/A       100%        5
 Storm Form               Tmut/Air       0%         N/A       100%        7


Dungeon Overview and Level Annotations

Branches:
Dungeon (4/15)
 Temple: D:4-7

Altars:

Annotations:
D:4 Edmund


Message History

You hit Edmund.
Edmund is moderately wounded.
Edmund hits you with a +2 flail of venom.
You are poisoned.
You hit Edmund but do no damage.
Edmund is moderately wounded.
You feel very sick.
Edmund hits you with a +2 flail of venom.
You are more poisoned.
You slash Edmund!
Edmund is heavily wounded.
You feel very sick.
Edmund hits you with a +2 flail of venom.
You are more poisoned.
You don't have enough magic at the moment.
You hit Edmund but do no damage.
Edmund is heavily wounded.
You feel very sick.
Edmund hits you with a +2 flail of venom.
You closely miss Edmund.
Edmund is heavily wounded.
You feel very sick.
You feel better.
Edmund hits you with a +2 flail of venom!
* * * LOW HITPOINT WARNING * * *
You are lethally poisoned!
You hit Edmund.
Edmund is heavily wounded.
* * * LOW HITPOINT WARNING * * *
You feel very sick.
Edmund hits you with a +2 flail of venom!
* * * LOW HITPOINT WARNING * * *
You hit Edmund but do no damage.
Edmund is heavily wounded.
* * * LOW HITPOINT WARNING * * *
You feel very sick. Edmund barely misses you.
You barely miss Edmund.
Edmund is heavily wounded.
You die...

#... #o.o
#.... ## ##.
######### ..
#.....†<# .#
#.#####.##@##
.........@..#
#.###.#.#####
.....#
#.##.### ## #
#. ##. . #..
# # #..## #..
.#. #...# #.#
#.# #...# #.#
#.#


You could see Edmund.

Vanquished Creatures
  An ogre (D:3)
  An adder (D:4)
  A white imp (D:4)
  An ufetubus (D:4)
  2 dart slugs (D:3)
  2 ball pythons (D:3)
  3 bats
  3 giant cockroaches
  4 goblins
  3 hobgoblins
  6 jackals
  A quokka (D:3)
  A frilled lizard (D:1)
  10 kobolds
  3 rats (D:1)
42 creatures vanquished.

Vanquished Creatures (others)
  A rat (D:3)
1 creature vanquished.

Grand Total: 43 creatures vanquished

Notes
Turn   | Place    | Note
-------+----------+-------------------------------------------
     0 | D:1      | meatgazer the Hill Orc Monk began the quest for the Orb.
     0 | D:1      | Reached XP level 1. HP: 19/19 MP: 1/1
   710 | D:1      | Reached XP level 2. HP: 27/27 MP: 2/2
  1252 | D:2      | You fall into a shaft and drop 2 floors!
  1376 | D:4      | Noticed a scorpion
  1433 | D:4      | Reached XP level 3. HP: 31/34 MP: 3/3
  1659 | D:3      | Reached skill level 5 in Axes
  1747 | D:3      | Noticed an ogre
  1761 | D:3      | Killed an ogre
  1762 | D:3      | Reached skill level 5 in Fighting
  1762 | D:3      | Reached skill level 6 in Axes
  1762 | D:3      | Reached XP level 4. HP: 11/42 MP: 4/4
  1762 | D:3      | Reached XP level 5. HP: 12/48 MP: 5/5
  2276 | D:3      | Became a worshipper of Beogh the Brigand
  2276 | D:3      | Reached * piety under Beogh
  2276 | D:3      | Reached ** piety under Beogh
  3244 | D:4      | Noticed Edmund
  3254 | D:4      | HP: 2/50 [poisoned by Edmund]
  3255 | D:4      | Succumbed to Edmund's poison

Illustrated notes

Levels and vault maps discovered:
D:1:      dpeg_arrival_simpleton_b, layout_loops_ring
D:2:      layout_basic, uniq_jessica, uniq_terence, uniq_robin
D:3:      layout_rooms
D:4:      cheibrodos_thug_alley, layout_loops_cross,
          mainiacjoe_overflow_small_starburst, minmay_temple_entry_antechambers,
          uniq_edmund

Skill      XL: |  1  2  3 |
---------------+----------+-----
Fighting       | 4 5 |  5.6
Axes           | 6 |  6.2
Dodging        | |  2.4
Stealth        | |  1.5

Action                   |  1- 3 |  4- 6 || total
-------------------------+-------+-------++-------
Melee: Hand axe          |    74 |    47 ||   121
Invok: Smiting           |       |     1 ||     1
       Convert to Beogh  |       |     1 ||     1
  Use: Scroll            |     5 |     1 ||     6
       Potion            |     4 |     1 ||     5
 Stab: Sleeping          |     5 |     1 ||     6
Armor: Robe              |     5 |    16 ||    21
Dodge: Dodged            |    40 |    42 ||    82

Table legend: (Time is in decaauts)
 A = Elapsed time spent in this place.
 B = Non-inter-level travel time spent in this place.
 C = Inter-level travel time spent in this place.
 D = Time resting spent in this place.
 E = Time spent auto-exploring this place.
 F = Levels seen in this place.
 G = Mean time per level.
                   A        B        C        D        E       F      G
               +--------+--------+--------+--------+--------+-----+--------+
         Total |   3260 |   3163 |     97 |   1433 |   1329 |   4 |  815.0 |
       Dungeon |   3260 |   3163 |     97 |   1433 |   1329 |   4 |  815.0 |
               +--------+--------+--------+--------+--------+-----+--------+

Top non-repeatable levels by time:
     D:3: 1589 daAuts
     D:1: 1191 daAuts
     D:4: 414 daAuts
     D:2: 64 daAuts
